 Dungeon Crawl Stone Soup version 0.21.1-1-g345015f (webtiles) character file.

304 letownia2 the Destroyer (level 6, 0/33 HPs)
             Began as a Tengu Fire Elementalist on Mar 5, 2018.
             Was an Initiate of Sif Muna.
             Succumbed to inc's ghost's sting
             ... on level 7 of the Dungeon.
             The game lasted 00:06:21 (1259 turns).

letownia2 the Destroyer (Tengu Fire Elementalist)   Turns: 1259, Time: 00:06:22

Health: 0/33       AC:  4    Str:  9    XL:     6   Next: 38%
Magic:  2/10       EV: 13    Int: 17    God:    Sif Muna [......]
Gold:   65         SH:  0    Dex: 14    Spells: 5/9 levels left

rFire    . . .     SeeInvis .   a - +2 hand axe (freeze)
rCold    . . .     Gourm    .   (no shield)
rNeg     + . .     Faith    .   f - +2 robe {rN+}
rPois    .         Spirit   .   (helmet restricted)
rElec    .         Reflect  .   (no cloak)
rCorr    .         Harm     .   (no gloves)
MR       .....                  (boots unavailable)
Stlth    +.........             (no amulet)
HPRegen  0.11/turn              l - ring of wizardry
MPRegen  0.12/turn              (no ring)

@: confused, lethally poisoned (0 -> -4)
A: beak, talons 3, able to fly 1
a: Fly, Renounce Religion


You were on level 7 of the Dungeon.
You worshipped Sif Muna.
Sif Muna was noncommittal.
You were very hungry.

You visited 2 branches of the dungeon, and saw 8 of its levels.

You collected 65 gold pieces.

Inventory:

Hand Weapons
 a - a +2 hand axe of freezing (weapon)
 e - a +0 whip
 j - a +1 short sword of holy wrath
 n - a +0 quarterstaff
Armour
 f - a +2 robe of positive energy (worn)
 k - a +0 leather armour
 o - a +0 robe
Jewellery
 l - a ring of wizardry (left hand)
Wands
 q - a wand of flame (8)
Scrolls
 d - a scroll of enchant weapon {unknown}
 g - 2 scrolls of identify {unknown}
 m - 2 scrolls of teleportation {unknown}
 r - a scroll of vulnerability {unknown}
Potions
 h - a potion of curing {unknown}
 i - 2 potions of haste {unknown}
 p - a potion of invisibility {unknown}
 s - a potion of flight {unknown}
Books
 b - a book of Flames

   Spells                             Type                      Level
   a - Flame Tongue                   Conjuration/Fire             1
   b - Throw Flame                    Conjuration/Fire             2
   c - Conjure Flame                  Conjuration/Fire             3
   d - Inner Flame                    Hexes/Fire                   3
   e - Sticky Flame                   Conjuration/Fire             4
   f - Fireball                       Conjuration/Fire             5
Comestibles
 c - 4 rations


   Skills:
 - Level 0.5 Fighting
 - Level 0.6 Armour
 - Level 2.4 Dodging
 - Level 2.0 Stealth
 - Level 2.0 Spellcasting
 + Level 8.0 Conjurations
 - Level 3.2 Fire Magic


You had 5 spell levels left.
You knew the following spells:

 Your Spells              Type           Power        Failure   Level  Hunger
a - Flame Tongue          Conj/Fire      ###..        1%          1    #......
c - Conjure Flame         Conj/Fire      ###.....     2%          3    ###....


Dungeon Overview and Level Annotations

Branches:
Dungeon (7/15)             Temple (1/1) D:4

Altars:
Ashenzari
Dithmenos
Elyvilon
Fedhas
Hepliaklqana
Makhleb
Nemelex Xobeh
Okawaru
Qazlal
Ru
Sif Muna
Trog
Vehumet
Wu Jian
Yredelemnul
The Shining One

Annotations:
D:3 letownia2's ghost, weakling TeFE
D:4 TheNamelessOne's ghost, amateur GrFi
D:7 Menkaure; inc's ghost, novice FeVM


Innate Abilities, Weirdness & Mutations

You have a beak for a mouth.
You have claws for feet.
You can fly.


Message History

Menkaure shouts!
Things that are here:
a hand axe; a leather armour You bump into the rock wall.
You are engulfed in noxious fumes.
You choke on the stench!
You are more confused.
You feel sick.
You feel sick.
Inc's ghost stares at you and mumbles some strange words.
The ball explodes into a vile cloud!
The stinking cloud engulfs you!
The stinking cloud engulfs inc's ghost.
Inc's ghost appears unharmed.
You are engulfed in noxious fumes.
You choke on the stench!
You are more confused.
* * * LOW HITPOINT WARNING * * *
x2 You feel sick.
Inc's ghost hits you.
* * * LOW HITPOINT WARNING * * *
Inc's ghost casts a spell at you. The sting misses you.
You bump into the rock wall.
You die...

#...# ... #...# ..
#.#.# .. #.#.##'#.#
#.#..#.#.#
#.#..#.#.####
#.#§§........
#@§§M).#.#
.......##W#....#
..........#...########
.....$..###...........
........ #..#.######
....... #......######
....... #............
####.## #####...#.####
............<#


You could see Menkaure and inc's ghost.

Vanquished Creatures
  An ogre (D:6)
  A scorpion (D:4)
  An orc priest (D:4)
  An orc wizard (D:4)
  A bullfrog skeleton (D:6)
  2 worker ants
  A gnoll (D:4)
  An ooze (D:2)
  An adder skeleton (D:4)
  4 orcs
  3 goblins
  A hobgoblin (D:2)
  A quokka (D:4)
  3 bats
  A frilled lizard (D:2)
  A jackal skeleton (D:4)
  A kobold (D:1)
  4 rats (D:3)
29 creatures vanquished.

Notes
Turn   | Place    | Note
-------+----------+-------------------------------------------
     0 | D:1      | letownia2 the Tengu Fire Elementalist began the quest for the Orb.
     0 | D:1      | Reached XP level 1. HP: 10/10 MP: 4/4
    72 | D:1      | Reached skill level 2 in Conjurations
   120 | D:2      | Reached skill level 3 in Conjurations
   120 | D:2      | Reached XP level 2. HP: 12/15 MP: 0/6
   316 | D:4      | Noticed TheNamelessOne's ghost (amateur GrFi)
   489 | D:3      | Found a sparkling altar of Nemelex Xobeh.
   525 | D:3      | Noticed letownia2's ghost (weakling TeFE)
   559 | D:4      | Reached skill level 4 in Conjurations
   559 | D:4      | Reached XP level 3. HP: 19/19 MP: 4/7
   634 | D:4      | Noticed a scorpion
   662 | D:4      | Reached skill level 5 in Conjurations
   662 | D:4      | Reached XP level 4. HP: 1/24 MP: 1/8
   738 | D:4      | Learned a level 3 spell: Conjure Flame
   821 | D:4      | Reached skill level 6 in Conjurations
   821 | D:4      | Gained mutation: You can fly. [Tengu growth]
   821 | D:4      | Reached XP level 5. HP: 13/28 MP: 0/9
   987 | D:4      | Found a staircase to the Ecumenical Temple.
   995 | Temple   | Entered the Ecumenical Temple
  1063 | Temple   | Became a worshipper of Sif Muna the Loreminder
  1093 | D:5      | Entered Level 5 of the Dungeon
  1139 | D:6      | Noticed an ogre
  1143 | D:6      | Killed an ogre
  1143 | D:6      | Reached skill level 7 in Conjurations
  1143 | D:6      | Reached XP level 6. HP: 27/33 MP: 6/10
  1228 | D:7      | Reached skill level 8 in Conjurations
  1230 | D:7      | Noticed inc's ghost (novice FeVM)
  1253 | D:7      | Noticed Menkaure
  1257 | D:7      | HP: 1/33 [inc's ghost (4)]
  1259 | D:7      | Succumbed to inc's ghost's sting

Skill      XL: |  1  2  3  4  5  6 |
---------------+-------------------+-----
Conjurations   | 3 4 5 6 7 8 |  8.0
Fighting       | |  0.5
Armour         | |  0.6
Dodging        | |  2.4
Stealth        | |  2.0
Spellcasting   | |  2.0
Fire Magic     | |  3.2

Action                   |  1- 3 |  4- 6 || total
-------------------------+-------+-------++-------
Melee: Whip              |    11 |       ||    11
       Kick              |     2 |     2 ||     4
       Quarterstaff      |     1 |       ||     1
       Hand axe          |       |     8 ||     8
       Peck              |       |     1 ||     1
 Cast: Flame Tongue      |    20 |    34 ||    54
       Conjure Flame     |       |     4 ||     4
Evoke: Wand              |       |     7 ||     7
 Stab: Sleeping          |     2 |     1 ||     3
  Eat: Chunk             |       |     1 ||     1
Armor: Robe              |     4 |     1 ||     5
Dodge: Dodged            |    12 |     5 ||    17
